Get step-by-step instructions on how to execute this build order below. Start the game timer, and the build order will tick by so you can play in parallel with StarCraft on a second screen or mobile device.

Game Time

  0:00

Last Step

  N/A

Next Step

Upcoming Step



Don't want to look back and forth between 2 screens? Try out our Overwolf App, the Spawning Tool Build Advisor to get an in-game overlay with this build!

Complete Build Order

  12  0:00  SCV  
  13  0:12  SCV  
  14  0:17  Supply Depot  
  14  0:24  SCV  
  15  0:38  SCV  
  15  0:39  Barracks  
  15  0:42  Refinery  
  16  0:50  SCV  
  17  1:02  SCV  
  18  1:15  SCV  
  19  1:26  Reaper  
  19  1:27  Orbital Command  
  20  1:37  Command Center  
  20  1:45  Supply Depot  
  20  1:52  SCV  
  21  1:58  Marine  
  22  2:04  SCV  
  22  2:07  Factory  
  23  2:11  Bunker  
  23  2:16  SCV  
  23  2:17  Marine  
  23  2:21  Refinery  
  25  2:29  SCV  
  26  2:41  SCV  
  26  2:43  Barracks Reactor  
  27  2:49  Orbital Command  
  27  2:50  Hellion  
  29  2:53  SCV  
  29  2:55  Starport  
  30  3:05  SCV  
  31  3:09  Supply Depot  
  31  3:12  Widow Mine  
  33  3:17  SCV x2  
  35  3:21  Marine x2  
  37  3:29  SCV x2  
  37  3:31  Medivac  
  37  3:33  Widow Mine  
  42  3:37  Supply Depot  
  42  3:39  Marine x2  
  45  3:41  SCV  
  45  3:42  SCV  
  46  3:52  Barracks  
  46  3:53  SCV  
  46  3:54  SCV  
  48  3:57  Marine  
  48  3:58  Marine  
  48  4:00  Factory Tech Lab  
  48  4:01  Starport Tech Lab  
  48  4:05  SCV  
  48  4:06  Armory, SCV  
  50  4:15  Marine x2  
  52  4:17  SCV  
  52  4:18  SCV  
  52  4:21  Refinery  
  52  4:23  Supply Depot  
  57  4:25  Barracks  
  57  4:28  Raven  
  57  4:29  SCV  
  57  4:30  SCV  
  58  4:33  Marine x2  
  60  4:41  SCV, Engineering Bay  
  60  4:44  SCV  
  60  4:51  Marine  
  60  4:52  Marauder  
  63  4:53  Stimpack  
  63  4:54  SCV  
  63  4:56  SCV  
  63  4:57  Marine  
  63  4:59  Supply Depot  
  66  5:00  Refinery  
  66  5:01  Factory Reactor  
  66  5:06  SCV  
  67  5:08  Starport Reactor, Terran Infantry Weapons Level 1  
  67  5:09  Marine  
  67  5:11  SCV  
  67  5:12  Supply Depot  
  69  5:14  Marine  
  69  5:17  Marauder  
  69  5:20  Supply Depot  
  69  5:21  SCV  
  69  5:23  Combat Shield  
  69  5:27  Marauder, Marine  
  72  5:32  Marine  
  73  5:41  Command Center  
  73  5:44  Marine, Marauder  
  73  5:47  Medivac  
  73  5:49  Medivac  
  80  5:52  Widow Mine  
  80  5:53  Widow Mine  
  84  5:57  Supply Depot, Marine  
  84  6:02  Marine, Marauder  
  88  6:06  SCV x2  
  88  6:07  Marauder  
  92  6:15  Widow Mine  
  94  6:19  Widow Mine, SCV, Supply Depot  
  94  6:22  Marine, Medivac x2  
  102  6:29  Supply Depot  
  102  6:31  Marine  
  102  6:32  Marauder x2  
  107  6:42  Command Center  
  107  6:45  Widow Mine  
  107  6:46  Widow Mine  
  111  6:49  Marine  
  112  6:54  Marauder x2  
  112  6:59  SCV x2  
  117  7:03  Medivac x2  
  117  7:04  SCV  
  117  7:14  SCV  
  118  7:16  Barracks x2  
  114  7:23  Marine x2  
  114  7:24  SCV, Marauder  
  114  7:29  Widow Mine x2  
  117  7:33  Marauder, Medivac  
  119  7:37  Viking  
  119  7:38  SCV  
  120  7:45  SCV  
  120  7:48  Command Center  
  121  7:53  Marine x2  
  121  7:55  Widow Mine x2, Marauder x2  
  121  7:57  SCV  
  122  7:59  Supply Depot  
  119  8:05  Barracks Tech Lab  
  119  8:06  Barracks Reactor  
  119  8:08  Barracks Tech Lab  
  119  8:09  SCV  
  115  8:15  Orbital Command  
  115  8:16  Marauder x2  
  115  8:17  Widow Mine  
  115  8:18  Marine  
  115  8:19  SCV, Marine  
  118  8:21  SCV  
  118  8:22  Widow Mine  
  118  8:25  Marauder  
  122  8:28  Marauder  
  126  8:35  SCV  
  126  8:36  SCV